 Dungeon Crawl Stone Soup version 0.23.0 (webtiles) character file.

Game seed: 4033154558621853801

2079 Nygeryga the Cleaver (level 9, -1/78 HPs)
             Began as a Minotaur Fighter on Feb 10, 2019.
             Was an Initiate of Makhleb.
             Slain by a hornet (6 damage)
             ... while paralysed by a hornet
             ... on level 8 of the Dungeon.
             The game lasted 00:12:29 (6007 turns).

Nygeryga the Cleaver (Minotaur Fighter)             Turns: 6007, Time: 00:12:29

Health: -1/78      AC: 11    Str: 24    XL:     9   Next: 6%
Magic:  8/8        EV:  2    Int:  5    God:    Makhleb [......]
Gold:   420        SH:  0    Dex: 10    Spells: 8/8 levels left

rFire    x . .     SeeInvis .   a - +1 war axe
rCold    + . .     Gourm    .   c - +0 shield
rNeg     . . .     Faith    .   b - +0 scale mail
rPois    .         Spirit   .   (helmet restricted)
rElec    .         Reflect  .   i - +0 cloak
rCorr    .         Harm     .   q - +1 pair of gloves
MR       .....                  n - +0 pair of boots
Stlth    ..........             (no amulet)
HPRegen  0.23/turn              h - ring of ice
MPRegen  0.11/turn              (no ring)

@: paralysed, lethally poisoned (-1 -> -12), slowed
A: retaliatory headbutt, horns 2
a: Renounce Religion


You were on level 8 of the Dungeon.
You worshipped Makhleb.
Makhleb was noncommittal.
You were not hungry.

You visited 2 branches of the dungeon, and saw 9 of its levels.

You collected 420 gold pieces.

Inventory:

Hand Weapons
 a - a +1 war axe (weapon)
Armour
 b - a +0 scale mail (worn)
 c - a +0 shield (worn)
 i - a +0 cloak (worn)
 n - a +0 pair of boots (worn)
 p - a +0 pair of gloves
 q - a +1 pair of gloves (worn)
Jewellery
 h - a ring of ice (left hand)
 B - an uncursed ring of attention
Wands
 y - a wand of flame (22)
 E - a wand of polymorph (2)
 G - a wand of digging (5)
Scrolls
 e - 10 scrolls of identify
 l - 2 scrolls of fog
 t - a scroll of noise {unknown}
 u - 4 scrolls of teleportation
 w - 3 scrolls of immolation
 x - 3 scrolls of magic mapping
 A - 3 scrolls of remove curse
 D - a scroll of enchant armour {unknown}
Potions
 d - 2 potions of might
 g - a potion of flight
 j - 2 potions of heal wounds {unknown}
 k - a potion of berserk rage {unknown}
 m - a potion of agility {unknown}
 o - a potion of haste
 r - a potion of brilliance {unknown}
 s - a potion of degeneration {unknown}
 v - 2 potions of mutation {unknown}
 z - 2 potions of invisibility {unknown}
 C - 3 potions of curing {unknown}
 F - 2 potions of lignification {unknown}
Comestibles
 f - 13 rations
 H - a chunk of flesh


   Skills:
 + Level 6.5 Fighting
 * Level 12.9 Axes
 - Level 3.6 Armour
 - Level 3.6 Shields


You had 8 spell levels left.
You didn't know any spells.
Your spell library contained the following spells:

 Spells                   Type           Power        Failure   Level  Hunger
 Magic Dart               Conj           #...         99%         1    ##.....
 Blink                    Tloc           N/A          100%        2    ###....
 Call Imp                 Summ           #.......     100%        2    ###....
 Slow                     Hex            #.......     100%        2    ###....
 Conjure Flame            Conj/Fire      #.......     100%        3    ####...
 Mephitic Cloud           Conj/Pois/Air  #.......     100%        3    ####...


Dungeon Overview and Level Annotations

Branches:
Dungeon (8/15)             Temple (1/1) D:5
   Lair: D:8-11

Altars:
Ashenzari
Cheibriados
Dithmenos
Elyvilon
Fedhas
Gozag
Hepliaklqana
Makhleb
Nemelex Xobeh
Okawaru
Qazlal
Ru
Sif Muna
Trog
Uskayaw
Vehumet
Xom
Zin
The Shining One

Shops:
D:7 (

Annotations:
D:3 2 transporters, Grim's ghost, amateur DENe
D:6 Sigmund


Innate Abilities, Weirdness & Mutations

You reflexively headbutt those who attack you in melee.
You have a pair of horns on your head.


Message History

You feel as though you will be slow longer.
You block the hornet's attack.
You are too injured to fight recklessly!
You are too injured to fight recklessly!
The hornet stings you!
* * * LOW HITPOINT WARNING * * *
You are poisoned.
You feel as though you will be slow longer.
You feel sick. You block the hornet's attack.
There is a stone staircase leading up here.
You feel sick. The hornet stings you!
* * * LOW HITPOINT WARNING * * *
You are lethally poisoned!
You suddenly lose the ability to move!
The hornet stings you.
* * * LOW HITPOINT WARNING * * *
You feel as though you will be slow longer.
The hornet stings you but does no damage.
* * * LOW HITPOINT WARNING * * *
You feel sick. The hornet stings you.
You die...

# ## . ..#
#. #.# ####
#. #.# ....
#(##.##..###
#...........
#........#
#.#.y....# #
#.@....#
#.....##
####..# ..#
.# ##


You could see a hornet.

Vanquished Creatures
  Prince Ribbit (D:6)
  Edmund (D:4)
  An ogre (D:5)
  A black bear (D:7)
  5 phantoms
  2 centaurs (D:7)
  3 bullfrogs
  A scorpion (D:4)
  3 howler monkeys
  A crimson imp (D:5)
  2 hounds (D:4)
  A jelly (D:5)
  An orc priest (D:3)
  4 orc wizards
  A worker ant (D:5)
  A killer bee zombie (D:5)
  A hound zombie (D:6)
  A worker ant zombie (D:5)
  10 gnolls
  9 adders
  A shadow imp (D:7)
  An adder skeleton (D:5)
  2 worms
  3 dart slugs
  3 leopard geckos
  16 orcs
  2 ball pythons
  4 giant cockroaches
  7 goblins
  5 hobgoblins
  4 jackals (D:1)
  A quokka (D:3)
  8 bats
  5 frilled lizards
  5 kobolds
  2 leopard gecko zombies
  6 rats
125 creatures vanquished.

Notes
Turn   | Place    | Note
-------+----------+-------------------------------------------
     0 | D:1      | Nygeryga the Minotaur Fighter began the quest for the Orb.
     0 | D:1      | Reached XP level 1. HP: 19/19 MP: 0/0
    50 | D:1      | Reached skill level 3 in Axes
    50 | D:1      | Reached XP level 2. HP: 27/27 MP: 1/1
   672 | D:2      | Reached XP level 3. HP: 33/33 MP: 2/2
   958 | D:2      | Reached skill level 4 in Axes
  1263 | D:2      | Reached XP level 4. HP: 24/41 MP: 3/3
  1605 | D:2      | Reached skill level 5 in Axes
  1709 | D:3      | Noticed a bullfrog
  1712 | D:3      | Found a transporter.
  1715 | D:3      | Killed a bullfrog
  1715 | D:3      | Reached XP level 5. HP: 32/47 MP: 4/4
  1732 | D:3      | Reached skill level 6 in Axes
  1902 | D:3      | Found a transporter.
  1903 | D:3      | Noticed Grim's ghost (amateur DENe)
  2660 | D:4      | Noticed Edmund
  2668 | D:4      | Killed Edmund
  2668 | D:4      | Reached skill level 7 in Axes
  2668 | D:4      | Reached XP level 6. HP: 50/55 MP: 5/5
  2682 | D:4      | Reached skill level 5 in Fighting
  2809 | D:4      | Reached skill level 8 in Axes
  2813 | D:4      | Found a blossoming altar of Fedhas.
  2965 | D:4      | Reached XP level 7. HP: 58/61 MP: 6/6
  3143 | D:4      | Reached skill level 9 in Axes
  3460 | D:5      | Entered Level 5 of the Dungeon
  3792 | D:5      | Reached skill level 10 in Axes
  3866 | D:5      | Found a staircase to the Ecumenical Temple.
  3938 | Temple   | Entered the Ecumenical Temple
  4072 | Temple   | Became a worshipper of Makhleb the Destroyer
  4202 | D:5      | Reached XP level 8. HP: 53/70 MP: 7/7
  4319 | D:5      | Found a sparkling altar of Nemelex Xobeh.
  4499 | D:5      | Reached skill level 11 in Axes
  4889 | D:6      | Noticed Prince Ribbit
  4895 | D:6      | Killed Prince Ribbit
  5062 | D:6      | Reached skill level 12 in Axes
  5076 | D:6      | Noticed Sigmund
  5238 | D:7      | Found Numnuul's Antique Weapon Shoppe.
  5387 | D:7      | Found a shadowy altar of Dithmenos.
  5554 | D:7      | Reached XP level 9. HP: 66/78 MP: 8/8
  5999 | D:8      | Paralysed by a hornet for 1 turns
  6006 | D:8      | Paralysed by a hornet for 3 turns
  6007 | D:8      | Slain by a hornet

Skill      XL: |  1  2  3  4  5  6  7  8 |
---------------+-------------------------+-----
Fighting       | 4 5 6 |  6.5
Axes           | 3 4 5 7 8 10 12 | 12.9
Armour         | |  3.6
Shields        | |  3.6

Action                   |  1- 3 |  4- 6 |  7- 9 || total
-------------------------+-------+-------+-------++-------
Melee: War axe           |    85 |   108 |   211 ||   404
       Headbutt          |    10 |    16 |    41 ||    67
  Use: Scroll            |       |       |     9 ||     9
  Eat: Chunk             |     1 |     6 |    10 ||    17
Armor: Scale mail        |    32 |    64 |    76 ||   172
Dodge: Dodged            |    23 |    20 |    50 ||    93
Block: Shield            |    51 |    53 |    76 ||   180
